 Dungeon Crawl Stone Soup version bcrawl-1.39.1 (webtiles) character file.

Game seed: 7182325854409276892

95575 Tinttamiau the Digger (level 3, -5/26 HPs)
             Began as a Sand Dwarf Earth Elementalist on Oct 3, 2023.
             Slain by an ice beast (8 damage)
             ... on level 2 of the Dungeon.
             The game lasted 00:03:02 (2020 turns).

Tinttamiau the Digger (SDEE)                        Turns: 2020, Time: 00:03:03

Health: -5/26      AC:  9    Str: 12    XL:     3   Next: 83%
Magic:  0/7        EV:  7    Int: 16    God:
Gold:   131        SH:  0    Dex: 11    Spells: 3/7 levels left

rFire    . . .     GDR:     23% d - +0 dagger
rCold    . . .     SeeInvis .   (shield restricted)
rNeg     . . .     Gourm    .   m - +0 chain mail
rPois    .         Faith    .   (no helmet)
rElec    .         Spirit   .   (no cloak)
rCorr    .         Reflect  .   (no gloves)
MR       .....                  k - +0 pair of boots
Stlth    ..........             (no amulet)
HPRegen  0.14/turn              (no ring)
MPRegen  0.10/turn              (no ring)

@: slow
A: small, slowness 1, armour attunement
a: no special abilities


You were on level 2 of the Dungeon.
You were hungry.

You visited 1 branch of the dungeon, and saw 3 of its levels.

You collected 131 gold pieces.

Inventory:

Hand Weapons
 d - a +0 dagger (weapon)
Missiles
 b - 132 stones (quivered)
Armour
 c - a +0 robe
 k - a +0 pair of boots (worn)
 l - a +0 leather armour
 m - a +0 chain mail (worn)
Magical Staves
 o - an uncursed staff of death {unknown}
Jewellery
 h - a +5 ring of protection {unknown}
Scrolls
 i - a scroll of identify
 n - a scroll of noise {unknown}
 p - a scroll of remove curse {unknown}
Potions
 a - 3 potions of curing {unknown}
 g - a potion of berserk rage {unknown}
 j - a potion of heal wounds {unknown}
 q - 2 potions of resistance {unknown}
 r - a potion of flight {unknown}
Comestibles
 e - 5 rations {!d}
 f - 2 chunks of flesh


   Skills:
 - Level 1.5 Dodging
 - Level 1.5 Stealth
 - Level 1.1 Unarmed Combat
 + Level 2.9 Spellcasting
 + Level 0.4 Conjurations
   Level 0.7 Transmutations
 + Level 4.6 Earth Magic


You had 3 spell levels left.
You knew the following spells:

 Your Spells              Type           Power        Failure   Level  Hunger
a - Sandblast             Erth           ###...       2%          1    None
b - Stone Arrow           Conj/Erth      ##....       21%         3    ####...

Your spell library contained the following spells:

 Spells                   Type           Power        Failure   Level  Hunger
 Passwall                 Tmut/Erth      ##......     10%         2    #......
 Petrify                  Tmut/Erth      ##........   54%         4    #####..
 Lee's Rapid Deconstruct  Erth           ###.......   61%         5    #######


Dungeon Overview and Level Annotations

Branches:
Dungeon (3/12)

Altars:


Innate Abilities, Weirdness & Mutations

You are small and have problems with some larger weapons.
You cover ground slowly.
Armour does not affect your spellcasting.


Message History

Unknown command.
You are feeling hungry.
You hit the ice beast but do no damage.
The ice beast is heavily wounded.
The ice beast barely misses you.
You closely miss the ice beast.
The ice beast is heavily wounded.
The ice beast hits you but does no damage.
You hit the ice beast but do no damage.
The ice beast is heavily wounded.
The ice beast barely misses you.
You hit the ice beast.
The ice beast is severely wounded.
The ice beast hits you but does no damage.
You closely miss the ice beast.
The ice beast is severely wounded.
The ice beast hits you.
* * * LOW HITPOINT WARNING * * *
The ice beast freezes you!
You die...

##.##.##.#........#####
##.......#.#..........#
##.>...##.####.#..##.#
##...###.##..)......#
##.## #.##.#.#..#..#
#)# #.........#..# #.#
####.#..###..# ##'##
#.#.<.....# ##...##
#...@Y...## ##.....##
####.##### ##.......##
##..#
#.........####...##
'.........'.......#
#.........####...##
##.......## ##..#
##.....## ##..# ##...##
##.#.##


You could see an ice beast.

Vanquished Creatures
  An ooze (D:2)
  A worm (D:2)
  A dart slug (D:2)
  3 leopard geckos
  4 bats
  2 giant cockroaches (D:1)
  4 goblins
  4 hobgoblins
  8 kobolds
  2 ball pythons (D:1)
  A frilled lizard (D:1)
  4 rats
35 creatures vanquished.

Notes
Turn   | Place    | Note
-------+----------+-------------------------------------------
     0 | D:1      | Tinttamiau the Sand Dwarf Earth Elementalist began the
                  | quest for the Orb.
     0 | D:1      | Reached XP level 1. HP: 14/14 MP: 3/3
   139 | D:1      | Reached skill level 4 in Earth Magic
   139 | D:1      | Reached XP level 2. HP: 14/20 MP: 0/5
   570 | D:1      | Reached XP level 3. HP: 26/26 MP: 3/6
   574 | D:1      | Learned a level 3 spell: Stone Arrow
  2004 | D:3      | Noticed an ice beast
  2020 | D:2      | Slain by an ice beast

Skill      XL: |  1 |
---------------+----+-----
Earth Magic    | 4 |  4.6
Dodging        | |  1.5
Stealth        | |  1.5
Unarmed Combat | |  1.1
Spellcasting   | |  2.9
Conjurations   | |  0.4
Transmutations | |  0.7

Action                   || total
-------------------------++-------
Melee: Unarmed           ||     7
       Dagger            ||    54
 Cast: Sandblast         ||    33
       Stone Arrow       ||     5
 Stab: Sleeping          ||     2
  Eat: Chunk             ||     7
Armor: Robe              ||     2
       Chain mail        ||    25
Dodge: Dodged            ||    33
